 Dungeon Crawl Stone Soup version 0.23.2-33-g5129a83184 (webtiles) character file.

Game seed: 10975956744501955164

88 funkygono the Shield-Bearer (level 4, -1/40 HPs)
             Began as a Minotaur Fighter on July 7, 2019.
             Slain by a black bear (3 damage)
             ... while paralysed by Grinder
             ... on level 6 of the Dungeon.
             The game lasted 00:03:14 (1921 turns).

funkygono the Shield-Bearer (Minotaur Fighter)      Turns: 1921, Time: 00:03:15

Health: -1/40      AC:  8    Str: 22    XL:     4   Next: 29%
Magic:  3/3        EV:  2    Int:  5    God:
Gold:   52         SH:  0    Dex:  9    Spells: 3/3 levels left

rFire    + . .     SeeInvis .   a - +0 flail
rCold    . . .     Gourm    .   c - +0 shield
rNeg     . . .     Faith    .   b - +0 scale mail
rPois    .         Spirit   .   (helmet restricted)
rElec    .         Reflect  .   (no cloak)
rCorr    .         Harm     .   q - +0 pair of gloves
MR       .....                  (no boots)
Stlth    ..........             (no amulet)
HPRegen  0.13/turn              n - ring of protection from fire
MPRegen  0.08/turn              (no ring)

@: paralysed
A: retaliatory headbutt, horns 2
a: no special abilities


You were on level 6 of the Dungeon.
You were not hungry.

You visited 1 branch of the dungeon, and saw 4 of its levels.

You collected 52 gold pieces.

Inventory:

Hand Weapons
 a - a +0 flail (weapon)
 k - a +0 hunting sling
Missiles
 h - 19 bolts
 j - 52 stones (quivered)
Armour
 b - a +0 scale mail (worn)
 c - a +0 shield (worn)
 q - a +0 pair of gloves (worn)
Jewellery
 n - a ring of protection from fire (left hand)
Scrolls
 m - a scroll of identify
 p - 2 scrolls of magic mapping
 s - a scroll of remove curse
Potions
 d - 3 potions of might
 e - a potion of ambrosia
 g - a potion of lignification
 l - a potion of haste {unknown}
 r - a potion of mutation {unknown}
Comestibles
 f - 7 rations
 i - a chunk of flesh


   Skills:
 + Level 4.0 Fighting
 + Level 3.5 Maces & Flails
 + Level 4.3 Armour
 + Level 0.3 Dodging
 + Level 4.6 Shields


You had 3 spell levels left.
You didn't know any spells.
Your spell library was empty.

Dungeon Overview and Level Annotations

Branches:
Dungeon (3/15)

Altars:
Elyvilon
Fedhas
Vehumet

Annotations:
D:6 Grinder


Innate Abilities, Weirdness & Mutations

You reflexively headbutt those who attack you in melee.
You have a pair of horns on your head.


Message History

You suddenly lose the ability to move!
The black bear bites you but does no damage.
The black bear claws you but does no damage.
The black bear claws you.
Grinder blinks!
The black bear goes berserk!
Grinder blinks!
The black bear bites you.
The black bear claws you but does no damage.
The black bear claws you.
The black bear bites you but does no damage.
The black bear barely misses you.
The black bear claws you but does no damage.
The black bear bites you.
* * * LOW HITPOINT WARNING * * *
The black bear barely misses you.
The black bear claws you but does no damage.
Grinder blinks!
The black bear bites you!
* * * LOW HITPOINT WARNING * * *
The black bear claws you.
You die...

#...# .#+## #...#
..... #...# .....
. #...# #.....
....#...###
#.#.....
.......ยง..#
#.#.#.#.
....####h##
#.#.#.#. .
#h###.#####.#.#.#.
#@##..........#.#.
#.##..#####...#.#.
#.#...............
#.#..........##.#.
#.#....##.....#.#.
#.#....##...#.#.#.
#.#...........#.#.
#.#..##########.##
#.#......... ..#


You could see a black bear (berserk) and a hound.

Vanquished Creatures
  A hound (D:6)
  2 adders (D:2)
  A worm (D:2)
  2 leopard geckos
  A giant cockroach (D:2)
  4 goblins
  3 hobgoblins
  9 kobolds
  A ball python (D:1)
  3 bats
  3 frilled lizards
  7 rats
37 creatures vanquished.

Notes
Turn   | Place    | Note
-------+----------+-------------------------------------------
     0 | D:1      | funkygono the Minotaur Fighter began the quest for the Orb.
     0 | D:1      | Reached XP level 1. HP: 19/19 MP: 0/0
   112 | D:1      | Reached XP level 2. HP: 25/27 MP: 1/1
   981 | D:2      | Reached XP level 3. HP: 22/33 MP: 2/2
  1584 | D:2      | Found a radiant altar of Vehumet.
  1587 | D:2      | Found a white marble altar of Elyvilon.
  1596 | D:2      | Found a blossoming altar of Fedhas.
  1806 | D:3      | You fall through a shaft for 3 floors!
  1843 | D:6      | Reached XP level 4. HP: 30/40 MP: 3/3
  1901 | D:6      | Noticed a black bear
  1902 | D:6      | Noticed Grinder
  1917 | D:6      | Paralysed by Grinder for 5 turns
  1921 | D:6      | HP: 2/40 [black bear (10)]
  1921 | D:6      | Slain by a black bear

Skill      XL: |  1  2  3 |
---------------+----------+-----
Shields        | 4 |  4.6
Armour         | 4 |  4.3
Maces & Flails | 3 |  3.5
Fighting       | 4 |  4.0
Dodging        | |  0.3

Action                   |  1- 3 |  4- 6 || total
-------------------------+-------+-------++-------
Melee: Flail             |   124 |     9 ||   133
       Headbutt          |    11 |     2 ||    13
  Use: Scroll            |     6 |       ||     6
  Eat: Chunk             |     2 |     1 ||     3
Armor: Scale mail        |    43 |    22 ||    65
Dodge: Dodged            |    43 |     7 ||    50
Block: Shield            |    62 |    14 ||    76
